 Dungeon Crawl Stone Soup version 0.17-a0-1769-g54adf96 (webtiles) character file.

162 ololoev the Poker (level 5, -1/41 HPs)
             Began as a Draconian Skald on Sept 7, 2015.
             Was an Initiate of Okawaru.
             Slain by an iguana (5 damage)
             ... on level 4 of the Dungeon.
             The game lasted 00:06:14 (2449 turns).

ololoev the Poker (Draconian Skald)                 Turns: 2449, Time: 00:06:14

Health: -1/41      AC:  5    Str: 15    XL:     5   Next: 19%
Magic:  8/8        EV: 12    Int: 12    God:    Okawaru [......]
Gold:   75         SH:  0    Dex: 11    Spells: 2 memorised, 5 levels left

rFire  . . .     SeeInvis .     d - +1 halberd (vamp)
rCold  . . .     Clarity  .     (armour unavailable)
rNeg   + . .     SustAt   .     (no shield)
rPois  .         Gourm    .     (helmet restricted)
rElec  .         Spirit   .     (no cloak)
rCorr  .         Warding  +     (no gloves)
rMut   .         Stasis   .     (no boots)
MR     .....                    e - amulet of warding
Stlth  +.........               (no ring)
                                (no ring)

@: not resistant to hostile enchantments, very unstealthy
A: unfitting armour, cold-blooded, AC +5
a: Renounce Religion


Innate Abilities, Weirdness & Mutations

Your plain brown scales are hard (AC +5).
Your body does not fit into most forms of armour.
You are cold-blooded and may be slowed by cold attacks.

Inventory:

Hand weapons
 d - a +1 vampiric halberd (weapon)
Jewellery
 e - an amulet of warding (around neck)
Scrolls
 a - a scroll of fog {unknown}
 c - a scroll of recharging {unknown}
 g - 2 scrolls of identify {unknown}
 k - a scroll of teleportation {unknown}
 l - a scroll of remove curse {unknown}
Potions
 h - a potion of berserk rage {unknown}
 i - a potion of resistance {unknown}
 j - 2 potions of heal wounds {unknown}
Books
 b - a book of Battle

   Spells                             Type                      Level
   a - Infusion                       Charms                       1
   b - Shroud of Golubria             Charms/Translocation         2
   c - Song of Slaying                Charms                       2
   d - Spectral Weapon                Hexes/Charms                 3
   e - Regeneration                   Charms/Necromancy            3


   Skills:
 - Level 2.1 Fighting
   Level 2.5 Maces & Flails
 + Level 4.3 Polearms
 - Level 1.3 Dodging
 - Level 2.1 Spellcasting
 - Level 2.9 Charms


You had 5 spell levels left.
You knew the following spells:

 Your Spells              Type           Power        Failure   Level  Hunger
a - Infusion              Chrm           #.....       10%         1    ##.....
b - Song of Slaying       Chrm           #.......     12%         2    ###....


You were on level 4 of the Dungeon.
You worshipped Okawaru.
Okawaru was noncommittal.
You were very hungry.

You visited 1 branch of the dungeon, and saw 4 of its levels.

You collected 75 gold pieces.

###
##################.#
...................#
####............#.#
#............#.#
#............#.#
#............#.#
###.#########.#.#
#..@....# #.#.#
#..l....# #.#.#
#.......# #.#.#
#.......#####^#.#
#..............>#
#...............#
................#
#########........####
..>...........

Notes
Turn   | Place    | Note
--------------------------------------------------------------
     0 | D:1      | ololoev the Draconian Skald began the quest for the Orb.
     0 | D:1      | Reached XP level 1. HP: 17/17 MP: 3/3
   271 | D:1      | Reached XP level 2. HP: 12/24 MP: 0/5
   550 | D:1      | Reached skill level 1 in Polearms
   563 | D:1      | Learned a level 2 spell: Song of Slaying
   613 | D:1      | Reached XP level 3. HP: 25/29 MP: 6/6
  1126 | D:2      | Found an iron altar of Okawaru.
  1126 | D:2      | Found a deep blue altar of Sif Muna.
  1130 | D:2      | Became a worshipper of Warmaster Okawaru
  1304 | D:2      | Reached skill level 3 in Polearms
  1304 | D:2      | Reached XP level 4. HP: 36/36 MP: 7/7
  2373 | D:4      | Reached skill level 4 in Polearms
  2373 | D:4      | Reached XP level 5. HP: 33/41 MP: 8/8
  2449 | D:4      | Slain by an iguana

Dungeon Overview and Level Annotations

Branches:
Dungeon (4/15)
 Temple: D:4-7

Altars:
Okawaru
Sif Muna


Message History

You feel sick. x12
You are no longer poisoned.
You found a shaft!
There is a shaft here.
An iguana comes into view.
Attack whom?
Press: ? - help, Dir - move target cursor, f - iguana
Aim: an iguana You reach to attack!
You barely miss the iguana. You hit the iguana. You tail-slap the iguana.
The iguana is lightly wounded.
The iguana closely misses you. The iguana bites you.
You hit the iguana.
You feel better.
You tail-slap the iguana, but do no damage.
The iguana is moderately wounded.
The iguana bites you.
You hit the iguana but do no damage.
The iguana is moderately wounded.
The iguana misses you.
You hit the iguana.
You feel better.
Your tail-slap misses the iguana.
The iguana is severely wounded.
The iguana closely misses you. The iguana bites you!
You are too injured to fight recklessly!
You are too injured to fight recklessly!
You barely miss the iguana.
The iguana is severely wounded.
The iguana bites you!
Drink which item? (? for menu, Esc to quit)
You feel better. The iguana bites you!
You hit the iguana.
You tail-slap the iguana, but do no damage.
The iguana is severely wounded.
The iguana bites you.
You hit the iguana but do no damage.
The iguana is severely wounded.
The iguana closely misses you.
You closely miss the iguana. You tail-slap the iguana.
The iguana is almost dead.
The iguana bites you.
You die...

You could see an iguana.

Vanquished Creatures
  A scorpion (D:4)
  A worker ant (D:4)
  2 adders (D:2)
  A gnoll (D:1)
  An ooze (D:1)
  A worm (D:3)
  2 giant geckos (D:2)
  An orc (D:3)
  8 bats
  2 goblins
  11 hobgoblins
  A quokka (D:2)
  A ball python (D:2)
  3 giant cockroaches
  5 giant newts
  7 kobolds
  9 rats
57 creatures vanquished.

Action                   |  1- 3 |  4- 6 || total
-------------------------+-------+-------++-------
Melee: Mace              |    19 |       ||    19
       Halberd           |   119 |    68 ||   187
Throw: Stone             |     3 |       ||     3
 Cast: Infusion          |     1 |     1 ||     2
  Use: Potion            |       |     2 ||     2
 Stab: Sleeping          |     2 |     1 ||     3
  Eat: Bread ration      |     1 |       ||     1
       Chunk             |     2 |     2 ||     4

Vault maps used:
D:1:      minmay_arrival_pointy
D:2:      gammafunk_temple_overflow_wave, kennysheep_another_room
D:3:      kennysheep_generic_room_12
D:4:      lemuel_doored_altar, first_bread
